cohdb
Replays
Latest Replays
All Replays
Popular Replays
Top Player Replays
Match Explorer
How It Works
Community
CoH3 Stats
Reddit
Sign in to upload your games and track your stats! →
Sign in with Steam
Match 44882067
Unlisted
Match 44882067
Overview
Messages
Build Orders
End
Construct Infanterie Kompanie
MG 42 Machine Gun Team
Selects Terror Battlegroup
Selects Machine Gun Camouflage
Grenadier Squad
Grenadier Squad
Grenadier Squad
Construct Panzergrenadier Kompanie
Medical Station
Selects Contempt for the Weak
Pioneer Squad
Construct Panzer Kompanie
Panzergrenadier Squad
Panzer IV Medium Tank
Selects Propaganda Leaflet Drop
Selects V1 Rocket Strike
Propaganda Leaflet Drop
Panzer IV Medium Tank
Panzer Officer Quarters
Repair Bunker
Selects No Quarter
Side Skirts
V1 Rocket Strike
Baba Yaga
Sarmynation
Jango_BR
Seifer
BMW0013
AbacusFinch8060
Wolfenhammer2000
Okatarinetabellaczikcziks
0
0
Comments
sign in to comment!
No comments posted yet!